 Dungeon Crawl Stone Soup version 0.29.1-13-g9f3cf754e1 (webtiles) character file.

Game seed: 15216118755420065903

3 shadowmeld the Magician (level 1, -1/15 HPs)
             Began as a Djinni Ice Elementalist on Feb 6, 2023.
             Frozen to death by an endoplasm (7 damage)
             ... on level 1 of the Dungeon.
             The game lasted 00:00:42 (152 turns).

shadowmeld the Magician (Djinni Ice Elementalist)    Turns: 152, Time: 00:00:42

Health: -1/15      AC:  2    Str:  7    XL:     1   Next: 55%
Gold:   19         EV: 12    Int: 16    God:
                   SH:  0    Dex: 13

rFire   + + .      SeeInvis .   (no weapon)
rCold   x . .      Faith    .   (no shield)
rNeg    . . .      Spirit   .   a - +0 robe
rPois   ∞          Reflect  .   (no helmet)
rElec   .          Harm     .   (no cloak)
rCorr   .          Rampage  .   (no gloves)
Will    .....                   (boots unavailable)
Stlth   ++........              (no amulet)
HPRegen 0.05/turn               (no ring)
MPRegen 0.00/turn               (no ring)

@: flying
A: sickness immunity, fire resistance 2, cold vulnerability 1, float, innate
caster, HP casting, extra vitality 1
a: no special abilities


You were on level 1 of the Dungeon.
You visited 1 branch of the dungeon, and saw 1 of its levels.

You collected 19 gold pieces.

Inventory:

Armour
 a - a +0 robe (worn)
Scrolls
 b - 3 scrolls of noise {unknown}
 c - a scroll of enchant armour {unknown}


   Skills:
 * Level 0.1 Fighting
 * Level 2.2 Dodging
 - Level 1.5 Stealth
 * Level 3.3 Spellcasting


You couldn't memorise any spells.
You knew the following spells:

 Your Spells              Type           Power      Damage    Failure   Level
a - Freeze                Ice            52%        1d7       4%          1
b - Frozen Ramparts       Ice            26%        1d4       14%         3
c - Ozocubu's Armour      Ice            13%        N/A       14%         3
d - Hailstorm             Conj/Ice       13%        3d5       41%         4
Your spell library was empty.

Dungeon Overview and Level Annotations

Branches:
Dungeon (1/15)

Altars:


Innate Abilities, Weirdness & Mutations

You are immune to sickness and miasma.
You are immune to poison.
Your flesh is very heat resistant. (rF++)
You are vulnerable to cold. (rC-)
You float through the air rather than walking.
You learn spells naturally, not from books.
Your magical power is your life essence.
You have superior vitality. (+4 MHP)


Message History

Aiming: Freeze (safe; 4% risk of failure)
Press: ? - help, Q - select action Shift-Dir - straight line, f - bat
Aim: a bat You freeze the bat.
You kill the bat!
Found a scroll labelled KOJITE AMEXZIDD.
b - 2 scrolls labelled AWENYGR MASO (gained 1)
A rat comes into view.
You see here a scroll labelled KOJITE AMEXZIDD.
c - a scroll labelled KOJITE AMEXZIDD
Aiming: Freeze (safe; 4% risk of failure)
Press: ? - help, Q - select action Shift-Dir - straight line, f - rat
Aim: a rat (asleep)
You freeze the rat!
You kill the rat!
HP restored.
You see here a rat corpse.
Found 6 stones.
b - 3 scrolls labelled AWENYGR MASO (gained 1)
You now have 6 gold pieces.
You now have 19 gold pieces (gained 13).
An endoplasm comes into view. 2 endoplasms come into view.
Aiming: Freeze (safe; 4% risk of failure)
Press: ? - help, Q - select action Shift-Dir - straight line, f - endoplasm
Aim: an endoplasm (asleep)
You freeze the endoplasm!
You kill the endoplasm!
A kobold comes into view. It is wielding a +0 short sword.
The endoplasm freezes you.
You are frozen!
You feel a terrible chill!
Aiming: Freeze (safe; 4% risk of failure)
Press: ? - help, Q - select action Shift-Dir - straight line, f - endoplasm
Aim: an endoplasm You freeze the endoplasm.
The endoplasm is moderately wounded.
The kobold shouts!
The endoplasm freezes you.
You are frozen!
You feel a terrible chill!
You die...

#.##.#..# #..#.# #
#.##.#..#####..#.#
#...##...........#.#
#.#.##.#..###....#.#
#.#.#..#..###.##.#.#
#...#..#..##..##.#.#
#..................#
###.#.##..#.####.#..
#@#.##............
#..J.........######+
#...........##......
#...#......#..######
#.........##.##
#.J...^...#.## #####
#.K.#.....#.# ##...#
#.........#.# #.#'#.
.... #.# #.#<#.


You could see 2 endoplasms and a kobold.

Vanquished Creatures
  An endoplasm (D:1)
  A bat (D:1)
  A frilled lizard (D:1)
  A rat (D:1)
4 creatures vanquished.

Notes
Turn   | Place    | Note
-------+----------+-------------------------------------------
     0 | D:1      | shadowmeld the Djinni Ice Elementalist began the quest for
                  | the Orb.
     0 | D:1      | shadowmeld set off with the following spells memorised:
                  | Freeze, Frozen Ramparts, Ozocubu's Armour, Hailstorm.
     0 | D:1      | Reached XP level 1. HP: 15/15 MP: 0/0
   152 | D:1      | Frozen to death by an endoplasm

Illustrated notes

Levels and vault maps discovered:
D:1:      evilmike_arrival_rings, layout_basic,
          dreamdust_ecumenical_altar_angels_and_demons, roderic_serpentine_path,
          corner_web_ring, kennysheep_doodads

Action                   || total
-------------------------++-------
 Cast: Freeze            ||     5
